Workbook
Name divisas_tiempo_real: 'NO MOLESTAR'!$D$2:$K$245

Sheet Hoja1

Sheet ENTRADA 1
N3: 5875 | O3: 100
B4: COTIZACIONES BASE | P4: =(O5/N3)*100 -> -90.825532
D5: ref | I5: VALOR DEL PIP | L5: DATOS GENERALES | O5: =M8-N3 -> -5336
B6: COTIZACION USD/CAD | C6: ='NO MOLESTAR'!M49 -> 10347 | F6: ENTRADA | I6: =IF(OR(J7=M24,J7=M25,J7=M26,J7=M27,J7=M30,J7=M29,J7=M31,J7=M32,J7=M33,J7=M39,J7=M40,J7=M41,J7=M43,J7=M44,J7=M49,J7=M53,J7=M55),0.0001/G11,IF(OR(J7=M35,J7=M36,J7=M37,J7=M46,J7=M47,J7=M51),0.0001*G11,IF(OR(J7=M57,J7=M58,J7=M59,J7=M60,),0.0001,IF(OR(J7=M62,J7=M63,J7=M64,J7=M65,J7=M66,J7=M67,J7=M68,J7=M69,J7=M70),0.0001/G8,IF(OR(J7=M72,J7=M73,J7=M74,J7=M75,J7=M76,J7=M77,J7=M78),0.01/G11,IF(OR(J7=M80),0.01/G8,"ERROR")))))) -> 1.0243802e-08 | J6: PAR
B7: COTIZACION USD/CHF | C7: ='NO MOLESTAR'!M50 -> 0,9269 | D7: 0.9 | J7: EUR/JPY
B8: COTIZACION NZD/USD | C8: ='NO MOLESTAR'!M51 -> 0,8115 | F8: Punto de Entrada (PE) | G8: 132.2 | L8: BALANCE USD $ | M8: 539
B9: COTIZACION USD/SGD | C9: ='NO MOLESTAR'!M52 -> 12705 | F9: Stop Loss (SL) | G9: 131.612 | H9: corregido | L9: % de perdida por operación | M9: 2
B10: COTIZACION USD/HKD | C10: ='NO MOLESTAR'!M53 -> 77543 | D10: 7 | F10: Diferencia (SL - PE) | G10: =G9-G8 -> -0.588 | H10: =IF(OR(J7=M24,J7=M25,J7=M26,J7=M27,J7=M29,J7=M30,J7=M31,J7=M32,J7=M33,J7=M39,J7=M40,J7=M41,J7=M43,J7=M44,J7=M49,J7=M53,J7=M55,J7=M35,J7=M36,J7=M37,J7=M46,J7=M47,J7=M51,J7=M57,J7=M58,J7=M59,J7=M60,J7=M62,J7=M63,J7=M64,J7=M65,J7=M66,J7=M67,J7=M68,J7=M69,J7=M70),G10*10000,IF(OR(J7=M72,J7=M73,J7=M74,J7=M75,J7=M76,J7=M77,J7=M78,J7=M80),G10*100,"ERROR")) -> -58.8 | J10: =IF(G8>G9,"LONG","SHORT") -> LONG | L10: Relación R:B 1: | M10: 1 | P10: =M12/2+M12 -> 16.17
B11: COTIZACION AUD/USD | C11: ='NO MOLESTAR'!M54 -> 0,9193 | F11: COTIZACION BASE | G11: =IF(OR(J7=M24,J7=M25,J7=M26,J7=M27),C6,IF(OR(J7=M29,J7=M30,J7=M31,J7=M32,J7=M33),C7,IF(OR(J7=M35,J7=M36,J7=M37),C8,IF(OR(J7=M39,J7=M40,J7=M41),C9,IF(OR(J7=M43,J7=M44),C10,IF(OR(J7=M46,J7=M47),C11,IF(OR(J7=M49),C12,IF(OR(J7=M51),C13,IF(OR(J7=M53),C14,IF(OR(J7=M55),C15,IF(OR(J7=M57,J7=M58,J7=M59,J7=M60,J7=M62,J7=M63,J7=M64,J7=M65,J7=M66,J7=M67,J7=M68,J7=M69,J7=M70,J7=M80),"NO APLICA",IF(OR(J7=M72,J7=M73,J7=M74,J7=M75,J7=M76,J7=M77,J7=M78),C16,"ERROR")))))))))))) -> 976200
B12: COTIZACION USD/DKK | C12: ='NO MOLESTAR'!M55 -> 55969 | L12: Max Perd por Oper. | M12: =M8*M9% -> 10.78 | N12: SL
B13: COTIZACION GBP/USD | C13: ='NO MOLESTAR'!M56 -> 15618 | F13: Max Perdida para la operación | G13: =M12 -> 10.78 | L13: Gan por Operación | M13: =M12*M10 -> 10.78 | N13: TP
B14: COTIZACION USD/NOK | C14: ='NO MOLESTAR'!M57 -> 59134 | D14: 5 | F14: US$/PIP | G14: =G13/H10 -> -0.18333333 | H14: =ABS(G14) -> 0.18333333
B15: COTIZACION USD/SEK | C15: ='NO MOLESTAR'!M58 -> 65154 | D15: 8 | F15: Lote Real | G15: =(H14/I6)/100000 -> 178.97 | H15: miles | L15: Max. Riesgo acumulado (%) | M15: 6
B16: COTIZACION USD/JPY | C16: ='NO MOLESTAR'!M59 -> 976200 | D16: 80 | L16: Max. De operaciones expuestas | M16: =M15/M9 -> 3
F17: Ganancia de la Operación | G17: =M13 -> 10.78 | H17: corregido
B18: ULTIMA ACTUALIZACION GRAL (GMT+1) | C18: ='NO MOLESTAR'!K55 -> 0.67354167 | F18: PIPS a ganar | G18: =(G17/H14) -> 58.8 | H18: =IF(OR(J7=M24,J7=M25,J7=M26,J7=M27,J7=M29,J7=M30,J7=M31,J7=M32,J7=M33,J7=M39,J7=M40,J7=M41,J7=M43,J7=M44,J7=M49,J7=M53,J7=M55,J7=M35,J7=M36,J7=M37,J7=M46,J7=M47,J7=M51,J7=M57,J7=M58,J7=M59,J7=M60,J7=M62,J7=M63,J7=M64,J7=M65,J7=M66,J7=M67,J7=M68,J7=M69,J7=M70),G18/10000,IF(OR(J7=M72,J7=M73,J7=M74,J7=M75,J7=M76,J7=M77,J7=M78,J7=M80),G18/100,"ERROR"))+IF(OR(J7=M24,J7=M25,J7=M26,J7=M27,J7=M29,J7=M30,J7=M31,J7=M32,J7=M33,J7=M39,J7=M40,J7=M41,J7=M43,J7=M44,J7=M49,J7=M53,J7=M55,J7=M35,J7=M36,J7=M37,J7=M46,J7=M47,J7=M51,J7=M57,J7=M58,J7=M59,J7=M60,J7=M62,J7=M63,J7=M64,J7=M65,J7=M66,J7=M67,J7=M68,J7=M69,J7=M70),M19,IF(OR(J7=M72,J7=M73,J7=M74,J7=M75,J7=M76,J7=M77,J7=M78,J7=M80),M20,"ERROR")) -> 0.618 | L18: SPREAD | M18: 3
F19: TAKE PROFIT (TP) | G19: =IF(J10="LONG",G8+H18,G8-H18) -> 132.818 | L19: SPREAD CORREGIDO | M19: =M18/10000 -> 0.0003 | N19: PARES NORMALES
L20: SPREAD CORREGIDO | M20: =M18/100 -> 0.03 | N20: PARES CON YEN
L21: MARGEN REAL | M21: =G15*100000/$M$8 -> 33204.082 | N21: : 1
F22: PIPS A GANAR REAL | G22: =(G19-G8)*10000 -> 6180 | I22: SALIDA AL 60% | J22: =H10*60% -> -35.28
B23: INSTRUCCIONES: AL INICIAR PERMITIR ACTUALIZAR CONTENIDO.
L24: 1 | M24: AUD/CAD
L25: 2 | M25: EUR/CAD
B26: 1. DEFINIR LOS DATOS GENERALES (celdas azules de la derecha): BALANCE, % PERDIDA POR OPERACIÓN ; RELACION RIESGO BENEFICIO; MAX. RIESGO ACUMULADO PARA LA | L26: 3 | M26: GBP/CAD
B27: CUENTA Y LA CASILLA SPREAD. | L27: 4 | M27: NZD/CAD
B29: 2. BUSCAR EN LA LISTA DEPLEGABLE (J7) EL PAR EN EL QUE SE VA A ABRIR LA OPERACIÓN. | L29: 5 | M29: AUD/CHF
L30: 6 | M30: GBP/CHF
B31: 3. DEFINIR PUNTO DE ENTRADA Y STOP LOSS. | L31: 7 | M31: CAD/CHF
L32: 8 | M32: EUR/CHF
B33: 4. NO SE REQUIEREN MAS DATOS, CALCULA EL TAMAÑO DE LA OPERACIÓN EN MILES (LOTES STANDARD) | L33: 9 | M33: NZD/CHF
B35: 5. EL TAKE PROFIT LO CALCULA DE ACUERDO A LA RELACION RIESGO / BENEFICIO | L35: 10 | M35: AUD/NZD
B36: 6. EL SPREAD CORREGIDO LO CALCULA DE ACUERDO AL PAR OPERADO. ESTE SE INCLUYE EN LA CASILLA DE DIFERENCIA DE SL - PE PARA SER SUMADO EN EL TAKE PROFIT | L36: 11 | M36: EUR/NZD
B37: A EJECUTAR. | L37: 12 | M37: GBP/NZD
B38: 7. LOS VALORES BASE PARA LOS PARES CRUZADOS SE ACTUALIZA CADA MINUTO DE LA PAGINA FXSTREET. POR LO TANTO HAY QUE ESTAR ON LINE PARA TRABAJAR CON VALORES ACTUALIZADOS.
L39: 13 | M39: AUD/SGD
B40: 8. CALCULA PARA TODOS LOS PARES DE LA LISTA DESPLEGABLE SIN DARLE MAS VUELTAS. | L40: 14 | M40: CHF/SGD
L41: 15 | M41: EUR/SGD
B42: 9. NO ALTERAR LA PAGINA "NO MOLESTAR". QUE ES LA BASE DE DATOS ON LINE
L43: 16 | M43: CAD/HKD
L44: 17 | M44: EUR/HKD
L46: 18 | M46: EUR/AUD
L47: 19 | M47: GBP/AUD
L49: 20 | M49: EUR/DKK
L51: 21 | M51: EUR/GBP
L53: 22 | M53: EUR/NOK
L55: 23 | M55: EUR/SEK
L57: 24 | M57: EUR/USD
L58: 25 | M58: GBP/USD
L59: 26 | M59: NZD/USD
L60: 27 | M60: AUD/USD
... L80: 44 | M80: USD/JPY
N93: *
N96: *
N98: *

Sheet NO MOLESTAR
A1: =VLOOKUP("USD/JPY",D50:D81,2) -> #REF!
D2: Anterior Siguiente
D3: Registrarse | Entrar
D4: Español
D5: English
D6: 日本語 | N6: =J8 -> 0
D7: 简体中文
D8: 繁體中文
D9: Русский
D10: Français
D11: Indonesia
D12: العربية
D13: Italiano
D14: Deutsch
D15: Português
D16: Magyar
D17: Türkçe
D18: Tiếng Việt
... D48: Mercados Relacionados
D49: Cotizaciones de Divisas en Tiempo Real | M49: =INDEX(D38:E78,MATCH("USD/CAD",D38:D78,0),2) -> 10347 | N49: USD/CAD
D50: Loading page Cargando datos. Por favor espere… | M50: =INDEX(D39:E79,MATCH("USD/CHF",D39:D79,0),2) -> 0,9269 | N50: USD/CHF
D51: Selecciona divisa | M51: =INDEX(D40:E80,MATCH("NZD/USD",D40:D80,0),2) -> 0,8115 | N51: NZD/USD
D52: Par de divisas | E52: Último | F52: Apertura | G52: Máximo | H52: Mínimo | I52: Var. | J52: % Var. | K52: Última actualización | M52: =INDEX(D41:E81,MATCH("USD/SGD",D41:D81,0),2) -> 12705 | N52: USD/SGD
D53: EUR/USD | E53: 13323 | F53: 13346 | G53: 13381 | H53: 13318 | I53: -0,0023 | J53: -0,17 | K53: 0.6734838 | M53: =INDEX(D42:E82,MATCH("USD/HKD",D42:D82,0),2) -> 77543 | N53: USD/HKD
D54: USD/JPY | E54: 976200 | F54: 973615 | G54: 977700 | H54: 970450 | I54: 0,2520 | J54: 0,26 | K54: 0.67349537 | M54: =INDEX(D43:E83,MATCH("AUD/USD",D43:D83,0),2) -> 0,9193 | N54: AUD/USD
D55: GBP/USD | E55: 15618 | F55: 15639 | G55: 15659 | H55: 15608 | I55: -0,0021 | J55: -0,13 | K55: 0.67354167 | M55: =INDEX(D44:E84,MATCH("USD/DKK",D44:D84,0),2) -> 55969 | N55: USD/DKK
D56: USD/CHF | E56: 0,9269 | F56: 0,9263 | G56: 0,9289 | H56: 0,9217 | I56: 0,0008 | J56: 0,09 | K56: 0.67354167 | M56: =INDEX(D45:E85,MATCH("GBP/USD",D45:D85,0),2) -> 15618 | N56: GBP/USD
D57: AUD/USD | E57: 0,9193 | F57: 0,9143 | G57: 0,9217 | H57: 0,9123 | I57: 0,0050 | J57: 0,55 | K57: 0.67349537 | M57: =INDEX(D46:E86,MATCH("USD/NOK",D46:D86,0),2) -> 59134 | N57: USD/NOK
D58: USD/CAD | E58: 10347 | F58: 10308 | G58: 10362 | H58: 10293 | I58: 0,0041 | J58: 0,40 | K58: 0.67349537 | M58: =INDEX(D47:E87,MATCH("USD/SEK",D47:D87,0),2) -> 65154 | N58: USD/SEK
D59: NZD/USD | E59: 0,8115 | F59: 0,8071 | G59: 0,8129 | H59: 0,8054 | I59: 0,0041 | J59: 0,50 | K59: 0.67349537 | M59: =INDEX(D48:E88,MATCH("USD/JPY",D48:D88,0),2) -> 976200 | N59: USD/JPY
D60: USD/CNY | E60: 61150 | F60: 61127 | G60: 61150 | H60: 61108 | I60: 0,0023 | J60: 0,04 | K60: 0.66944444
D61: USD/CNH | E61: 61084 | F61: 61090 | G61: 61112 | H61: 61062 | I61: -0,0029 | J61: -0,05 | K61: 0.67248843
D62: USD/HKD | E62: 77543 | F62: 77545 | G62: 77550 | H62: 77538 | I62: -0,0003 | J62: 0,00 | K62: 0.67353009
D63: USD/SGD | E63: 12705 | F63: 12689 | G63: 12729 | H63: 12678 | I63: 0,0017 | J63: 0,13 | K63: 0.67354167
D64: USD/NOK | E64: 59134 | F64: 59078 | G64: 59264 | H64: 58972 | I64: 0,0057 | J64: 0,10 | K64: 0.67354167
D65: USD/DKK | E65: 55969 | F65: 55874 | G65: 55996 | H65: 55733 | I65: 0,0092 | J65: 0,16 | K65: 0.67354167
D66: USD/SEK | E66: 65154 | F66: 65068 | G66: 65285 | H66: 64934 | I66: 0,0086 | J66: 0,13 | K66: 0.67354167
D67: EUR/NOK | E67: 78790 | F67: 78845 | G67: 79055 | H67: 78638 | I67: -0,0062 | J67: -0,08 | K67: 0.67304398
D68: EUR/DKK | E68: 74571 | F68: 74573 | G68: 74595 | H68: 74561 | I68: -0,0009 | J68: -0,01 | K68: 0.67347222
D69: EUR/SEK | E69: 86806 | F69: 86840 | G69: 87120 | H69: 86695 | I69: -0,0044 | J69: -0,05 | K69: 0.67354167
D70: EUR/CHF | E70: 12350 | F70: 12360 | G70: 12385 | H70: 12329 | I70: -0,0014 | J70: -0,12 | K70: 0.67354167
D71: EUR/JPY | E71: 1300500 | F71: 1299645 | G71: 1304550 | H71: 1295750 | I71: 0,0915 | J71: 0,07 | K71: 0.67354167
D72: EUR/GBP | E72: 0,8531 | F72: 0,8533 | G72: 0,8557 | H72: 0,8522 | I72: -0,0001 | J72: -0,01 | K72: 0.67354167
D73: EUR/AUD | E73: 14493 | F73: 14598 | G73: 14631 | H73: 14474 | I73: -0,0106 | J73: -0,73 | K73: 0.67354167
D74: GBP/CHF | E74: 14478 | F74: 14485 | G74: 14513 | H74: 14418 | I74: -0,0010 | J74: -0,07 | K74: 0.67354167
D75: GBP/JPY | E75: 1524510 | F75: 1522750 | G75: 1527800 | H75: 1517860 | I75: 0,1300 | J75: 0,09 | K75: 0.67354167
D76: GBP/CAD | E76: 16158 | F76: 16119 | G76: 16195 | H76: 16093 | I76: 0,0034 | J76: 0,21 | K76: 0.67354167
D77: GBP/AUD | E77: 16990 | F77: 17108 | G77: 17140 | H77: 16962 | I77: -0,0118 | J77: -0,69 | K77: 0.67354167
D78: AUD/JPY | E78: 897315 | F78: 890205 | G78: 899200 | H78: 886000 | I78: 0,7190 | J78: 0,81 | K78: 0.67354167
D79: CAD/JPY | E79: 943495 | F79: 944670 | G79: 948850 | H79: 940100 | I79: -0,1315 | J79: -0,14 | K79: 0.67354167
D80: CHF/JPY | E80: 1053030 | F80: 1051275 | G80: 1055450 | H80: 1048495 | I80: 0,1740 | J80: 0,17 | K80: 0.67354167
D81: NZD/JPY | E81: 792075 | F81: 786050 | G81: 793400 | H81: 783400 | I81: 0,6075 | J81: 0,77 | K81: 0.67354167
D82: AUD/CAD | E82: 0,9510 | F82: 0,9423 | G82: 0,9537 | H82: 0,9402 | I82: 0,0088 | J82: 0,93 | K82: 0.67354167
D83: AUD/CHF | E83: 0,8521 | F83: 0,8467 | G83: 0,8530 | H83: 0,8447 | I83: 0,0053 | J83: 0,63 | K83: 0.67354167
D84: AUD/SGD | E84: 11679 | F84: 11600 | G84: 11695 | H84: 11576 | I84: 0,0080 | J84: 0,69 | K84: 0.67354167
D85: Solución por Teletrader
D86: Fuente de datos: InteractiveData
D87: Acerca de estas Cotizaciones
D88: Más de 100 pares de divisas divididos en 13 regiones. Prestigiosos proveedores de liquidez como ABN Amro, Abbey National Bank, JP Morgan Chase, Zurcher Kantonal Bank, UBS Investment Bank o Westpac suministran esta fuente de datos. Es una herramienta ideal para aquellos que quieren saber lo que está sucediendo en el mundo en cuanto a movimientos de divisas se refiere.
D89: Divisas a primera vista
D90: Principales
D91: EUR/USD | E91: USD/CHF | F91: GBP/USD | G91: USD/JPY
D93: Cruces Países G7
D94: EUR/GBP | E94: EUR/JPY | F94: EUR/CAD | G94: EUR/CHF
D96: GBP/JPY | E96: GBP/CAD | F96: GBP/CHF | G96: CAD/JPY
D98: CHF/JPY | E98: USD/CAD | F98: CAD/CHF
D100: Cruces Oceanía
D101: AUD/USD | E101: NZD/USD | F101: AUD/JPY | G101: NZD/JPY
D103: EUR/AUD | E103: EUR/NZD | F103: GBP/AUD | G103: GBP/NZD
D105: AUD/CAD | E105: AUD/NZD | F105: NZD/CAD | G105: NZD/CHF
D107: Cruces Exóticos
D108: USD/MXN | E108: USD/BRL | F108: USD/CNY | G108: USD/CNH
D110: USD/HKD | E110: USD/KRW | F110: USD/INR | G110: USD/SGD
D112: USD/ZAR | E112: USD/TRY | F112: USD/IDR | G112: USD/EGP
D114: USD/VND
D116: Cruces nórdicos
D117: EUR/SEK | E117: USD/SEK | F117: EUR/NOK | G117: USD/NOK
D119: Cruces Países del Este
D120: USD/RUB | E120: USD/CZK | F120: USD/PLN
D122: Nuevo: Forex Studies BETA
D123: Nueva Herramienta: Forex Studies
D124: Todas las herramientas de FXstreet.es en una página personalizada.
D125: ¡Y GRATIS!
D126: ¡Pruébalo ahora!
D127: Apertura/Cerrar Cotizaciones
D128: Cotizaciones de divisas
D130: Tiempo real avanzado
D131: por Teletrader
D132: Popularidad: 5.
D133: Divisas en tiempo real
D134: por Teletrader
... D245: Acerca de FXstreet.es Términos y condiciones Contacta con nosotros RSS SindicaciónMapa del sitio Inicio
